 Dungeon Crawl Stone Soup version 0.31-a0-466-g98c9adc2b6 (webtiles) character file.

Game seed: 1509542184778146951

3731 Anon1729 the Fighter (level 9, -3/86 HPs)
             Began as a Minotaur Monk on Aug 5, 2023.
             Was a Believer of Ru.
             Slain by a wyvern simulacrum (11 damage)
             ... on level 8 of the Dungeon.
             The game lasted 00:05:10 (8128 turns).

Anon1729 the Fighter (Minotaur Monk)                Turns: 8128, Time: 00:05:10

Health: -3/86      AC:  6    Str: 16    XL:     9   Next: 92%
Magic:  8/8        EV: 17    Int:  7    God:    Ru [**....]
Gold:   314        SH:  5    Dex: 17    Spells: 8/8 levels left

rFire   . . .        p - +3 great sword
rCold   . . .        (shield currently unavailable)
rNeg    . . .        b - +0 robe
rPois   .            (helmet restricted)
rElec   .            D - scarf {shadows}
rCorr   .            (no gloves)
SInv    +            (no boots)
Will    .....        e - amulet of reflection
Stlth   ++           i - ring of see invisible
HPRegen 0.34/turn    u - +4 ring of protection
MPRegen 0.11/turn

%: reflection
@: no status effects
A: horns 2, inability to use devices, retaliatory headbutt
a: Renounce Religion


You were on level 8 of the Dungeon.
You worshipped Ru.
Ru was pleased with you.
You visited 2 branches of the dungeon, and saw 9 of its levels.

You collected 431 gold pieces.
You spent 117 gold pieces at shops.

Inventory:

Hand Weapons
 p - a +3 great sword (weapon)
 q - a +0 scimitar
Armour
 b - a +0 robe (worn)
 f - an orb of light
 D - a scarf of shadows (worn)
Jewellery
 e - an amulet of reflection (around neck)
 i - a ring of see invisible (left hand)
 u - a +4 ring of protection (right hand)
 A - an amulet of the acrobat
Scrolls
 a - a scroll of amnesia {unknown}
 d - a scroll of blinking {unknown}
 h - 2 scrolls of vulnerability
 l - a scroll of immolation
 m - a scroll of enchant weapon {unknown}
 x - 3 scrolls of teleportation
 y - 2 scrolls of enchant armour {unknown}
 z - 2 scrolls of torment {unknown}
 C - a scroll of revelation
 E - a scroll of silence {unknown}
 F - a scroll of poison {unknown}
Potions
 c - a potion of ambrosia
 n - a potion of haste {unknown}
 r - a potion of cancellation {unknown}
 s - a potion of lignification {unknown}
 t - a potion of attraction {unknown}
 v - a potion of might {unknown}
 G - a potion of resistance {unknown}


   Skills:
 + Level 10.7 Fighting
 + Level 10.4 Long Blades
 + Level 9.6 Dodging


You had 8 spell levels left.
You didn't know any spells.
Your spell library contained the following spells:

 Spells                   Type           Power      Damage    Failure   Level
 Slow                     Hex            0%         N/A       43%         1
 Blink                    Tloc           0%         N/A       56%         2
 Static Discharge         Conj/Air       0%         2-2/arc   56%         2
 Confusing Touch          Hex            0%         N/A       80%         3
 Ignite Poison            Fire/Tmut/Pois 0%         N/A       80%         3
 Vampiric Draining        Necr           0%         2d6       80%         3
 Airstrike                Air            0%         2d(0-16)  99%         4
 Manifold Assault         Tloc           0%         N/A       99%         4
 Sticky Flame             Conj/Fire      0%         2d3       99%         4
 Summon Lightning Spire   Summ/Air       0%         N/A       99%         4
 Ignition                 Fire           0%         3d3       100%        8


Dungeon Overview and Level Annotations

Branches:
Dungeon (8/15)             Temple (1/1) D:7
   Lair: D:8-11

Altars:
Cheibriados
Dithmenos
Elyvilon
Fedhas
Gozag
Hepliaklqana
Kikubaaqudgha
Makhleb
Nemelex Xobeh
Qazlal
Ru
Sif Muna
Trog
Uskayaw
Vehumet
Wu Jian
Xom
Yredelemnul
Zin
The Shining One

Shops:
D:1 (   D:3 !


Innate Abilities, Weirdness & Mutations

You have a pair of horns on your head.
You cannot study or use magical devices.
You reflexively headbutt those who attack you in melee.


Message History

The orc wizard completely misses you. You block the orc warrior's attack.
You block the wolf's attack. The wyvern simulacrum bites you!
The wyvern simulacrum freezes you! The orc closely misses you.
You furiously retaliate!
You headbutt the orc. The orc wizard barely misses you.
You furiously retaliate!
You headbutt the orc wizard!
The orc wizard points at you and mumbles some strange words.
The magic dart hits you.
* * * LOW HITPOINT WARNING * * *
The orc warrior hits you with a +0 glaive!
* * * LOW HITPOINT WARNING * * *
The wolf barely misses you.
You are too injured to fight recklessly!
You are too injured to fight recklessly!
You are too injured to fight recklessly!
You are too injured to fight recklessly!
You are too injured to fight recklessly!
You are too injured to fight recklessly!
You are too injured to fight recklessly!
You are too injured to fight recklessly!
You are too injured to fight recklessly!
You are too injured to fight recklessly!
You are too injured to fight recklessly!
You are too injured to fight recklessly!
You are too injured to fight recklessly!
You are too injured to fight recklessly!
You are too injured to fight recklessly!
You are too injured to fight recklessly!
You are too injured to fight recklessly!
You are too injured to fight recklessly!
You are too injured to fight recklessly!
Okay, then.
Okay, then.
Okay, then.
You feel better. The wolf bites you.
* * * LOW HITPOINT WARNING * * *
The wyvern simulacrum bites you.
* * * LOW HITPOINT WARNING * * *
The wyvern simulacrum freezes you!
You die...

......####..
...........
.8.......8
.........
.5......
#hZ....#
#@o.....
.....ooo.##..
.....#.#....
##.#.#.#.##..
# . ... . .
.# ... .. #.
..# ..


You could see an orc warrior, a wolf, 2 orc wizards, a white imp, a wyvern
simulacrum and an orc.

Vanquished Creatures
  Grinder (D:6)
  Eustachio (D:6)
  A water moccasin (D:7)
  2 sky beasts (D:7)
  2 ice beasts
  Duvessa (D:5)
  A black bear (D:6)
  4 ogres
  A centaur (D:7)
  2 phantoms
  2 kobold brigands
  An elf zombie (D:6)
  6 scorpions
  2 elf skeletons (D:6)
  4 wights (D:6)
  Dowan (D:5)
  A howler monkey (D:6)
  A quasit (D:4)
  4 jellies
  3 gnoll boudas
  3 hounds
  2 orc priests (D:7)
  A human skeleton (D:6)
  3 sleepcaps
  5 orc wizards
  8 iguanas
  21 gnolls
  7 adders
  3 shadow imps
  2 white imps
  3 ufetubi (D:4)
  3 worms
  3 dart slugs
  15 orcs
  11 endoplasms
  7 goblins
  4 hobgoblins
  4 quokkas
  4 ball pythons
  3 bats (D:2)
  2 frilled lizards (D:3)
  36 kobolds
  An orc skeleton (D:6)
  An orc zombie (D:6)
  7 rats
200 creatures vanquished.

Notes
Turn   | Place    | Note
-------+----------+-------------------------------------------
     0 | D:1      | Anon1729 the Minotaur Monk began the quest for the Orb.
     0 | D:1      | Reached XP level 1. HP: 19/19 MP: 0/0
    13 | D:1      | Found Jucaomish's Weapon Boutique.
   710 | D:1      | Found a shimmering altar of Xom.
   877 | D:2      | Reached XP level 2. HP: 27/27 MP: 1/1
  1547 | D:2      | Reached XP level 3. HP: 30/33 MP: 2/2
  1983 | D:3      | Reached XP level 4. HP: 41/41 MP: 3/3
  2269 | D:3      | Found Adiutoty's Distillery.
  2274 | D:3      | Bought a potion of degeneration for 13 gold pieces
  2274 | D:3      | Bought a potion of curing for 39 gold pieces
  2274 | D:3      | Bought a potion of heal wounds for 65 gold pieces
  2329 | D:4      | Noticed a scorpion
  2331 | D:4      | Reached skill level 5 in Fighting
  2334 | D:4      | Killed a scorpion
  2335 | D:4      | Reached skill level 5 in Long Blades
  2335 | D:4      | Reached XP level 5. HP: 25/48 MP: 4/4
  2604 | D:4      | Reached skill level 5 in Dodging
  2604 | D:4      | Reached XP level 6. HP: 33/56 MP: 5/5
  3024 | D:4      | Found a shadowy altar of Dithmenos.
  3600 | D:4      | Reached XP level 7. HP: 45/64 MP: 6/6
  3805 | D:5      | Entered Level 5 of the Dungeon
  4432 | D:6      | Reached XP level 8. HP: 50/73 MP: 7/7
  4771 | D:6      | Noticed Grinder
  4786 | D:6      | Paralysed by Grinder for 2 turns
  4788 | D:6      | Killed Grinder
  4900 | D:6      | Found a sand-covered staircase.
  5376 | D:6      | Found an ancient bone altar of Kikubaaqudgha.
  5422 | D:6      | Noticed Eustachio
  5433 | D:6      | Reached XP level 9. HP: 53/83 MP: 8/8
  5652 | D:5      | Noticed Duvessa
  5653 | D:5      | Noticed Dowan
  5658 | D:5      | Killed Duvessa
  5662 | D:5      | Killed Dowan
  6365 | D:6      | Killed Eustachio
  6885 | D:7      | Reached skill level 10 in Fighting
  7190 | D:7      | Reached skill level 10 in Long Blades
  7315 | D:7      | Found a staircase to the Ecumenical Temple.
  7707 | D:7      | Found a glowing silver altar of Zin.
  7753 | D:7      | Found a sparkling altar of Nemelex Xobeh.
  8072 | Temple   | Entered the Ecumenical Temple
  8082 | Temple   | Became a worshipper of Ru the Awakened
  8094 | D:7      | Gained mutation: You cannot study or use magical devices.
                  | [Ru sacrifice]
  8094 | D:7      | Reached * piety under Ru
  8094 | D:7      | Reached ** piety under Ru
  8128 | D:8      | Slain by a wyvern simulacrum

Illustrated notes

Levels and vault maps discovered:
D:1:      dpeg_arrival_water_altar, layout_basic, serial_shops, shop
D:2:      layout_loops_corners, grunt_ministairs_9
D:3:      layout_rooms, serial_shops, nicolae_shop_rolling_square
D:4:      layout_loops_ring, nicolae_dithmenos_the_darkroom, serial_demonic,
          serial_demonic_e, serial_demonic_c, serial_demonic_c,
          serial_demonic_g, grunt_ministairs_1
D:5:      layout_loops_cross, uniq_duvessa
D:6:      kennysheep_kobold_camp, layout_loops_corners, lemuel_tele_altar,
          nicolae_ossuary_entry_catacombs, uniq_grinder, uniq_eustachio
D:7:      layout_basic, nemelex_dance_club_becter,
          lemuel_coloured_pillars_altar, minmay_temple_entry_ruins
D:8:      layout_basic, serial_ice, serial_ice_o, serial_ice_d, serial_ice_e,
          serial_ice_i, uniq_amaemon, uniq_gastronok
Temple:   regret_index_temple_sphere_string

Skill      XL: |  1  2  3  4  5  6  7  8  9 |
---------------+----------------------------+-----
Fighting       | 4 5 6 7 9 10 | 10.7
Long Blades    | 4 5 6 7 8 10 | 10.4
Dodging        | 4 5 6 8 9 |  9.6

Action                     |  1- 3 |  4- 6 |  7- 9 || total
---------------------------+-------+-------+-------++-------
  Melee: Falchion          |     8 |       |       ||     8
         Great sword       |    72 |   115 |   330 ||   517
         Headbutt          |     5 |    15 |    64 ||    84
 Invoke: Sacrifice Artific |       |       |     1 ||     1
    Use: Potion            |       |       |     3 ||     3
         Scroll            |       |       |     5 ||     5
   Stab: Sleeping          |     2 |     1 |     4 ||     7
 Armour: Robe              |     7 |    11 |    97 ||   115
  Dodge: Dodged            |    56 |   111 |   294 ||   461
  Block: Other             |    15 |    48 |   108 ||   171
         Reflection        |     2 |     2 |     1 ||     5

Table legend: (Time is in decaauts)
 A = Elapsed time spent in this place.
 B = Non-inter-level travel time spent in this place.
 C = Inter-level travel time spent in this place.
 D = Time resting spent in this place.
 E = Time spent auto-exploring this place.
 F = Levels seen in this place.
 G = Mean time per level.
                   A        B        C        D        E       F      G
               +--------+--------+--------+--------+--------+-----+--------+
         Total |   8306 |   7937 |    369 |    497 |   5952 |   9 |  922.9 |
       Dungeon |   8285 |   7935 |    350 |    497 |   5952 |   8 | 1035.6 |
        Temple |     20 |      1 |     19 |      0 |      0 |   1 |   20.0 |
               +--------+--------+--------+--------+--------+-----+--------+

Top non-repeatable levels by time:
     D:6: 1940 daAuts
     D:4: 1405 daAuts
     D:7: 1233 daAuts
     D:5: 1207 daAuts
     D:2: 1005 daAuts
     D:1: 819 daAuts
     D:3: 665 daAuts
  Temple: 20 daAuts
     D:8: 7 daAuts
